 Dungeon Crawl Stone Soup version 0.29-a0-23-ga79f92ac9c (webtiles) character file.

Game seed: 3491332566341037778

632566 dolemite99 the Conqueror (level 26, -4/358 HPs)
             Began as a Minotaur Monk on Jan 30, 2022.
             Was an Elder of Qazlal.
             Slain by a Hell Sentinel (7 damage)
             ... on level 5 of the Dungeon on Jan 31, 2022.
             The game lasted 03:06:03 (101994 turns).

dolemite99 the Conqueror (Minotaur Monk)          Turns: 101994, Time: 03:06:03

Health: -4/358     AC: 40    Str: 20 (22) XL:     26   Next: 83%
Magic:  24/24      EV:  9    Int: 10 (11) God:    Qazlal [****..]
Gold:   5759       SH: 23    Dex: 12 (13) Spells: 31/37 levels left

rFire   + + +      SeeInvis .   a - +5 broad axe (spect)
rCold   + + +      Faith    .   G - +1 kite shield {reflect}
rNeg    + + +      Spirit   .   l - +6 gold dragon scales
rPois   +          Reflect  +   u - +2 hood of the Assassin {Detection Stab+ Stlth++}
rElec   +          Harm     .   g - +1 cloak of Qaopt {rElec rPois rN+}
rCorr   +          Rampage  .   z - +2 pair of gloves
Will    ++...      Rage     1%  A - +0 pair of boots of the Iron City of Dis {rN++}
Stlth   ..........              d - amulet of Heje Sigh {rPois rF++ rN+ Regen+ Stlth+}
HPRegen 1.49/turn               w - ring "Teg Honau" {rC++ Will+ rCorr Int+6 Stlth-}
MPRegen 0.19/turn               t - +4 ring of protection {=R}

@: berserking, studying Fire Magic, repel missiles, unable to read, very quick
A: horns 2, retaliatory headbutt, large bone plates 1, berserk 1, clumsy 1,
deformed body, deterioration 2, dopey 2, frail 1, low MP 3, weak 1, subdued
magic 1, inability to read while threatened
0: Orb of Zot
}: 4/15 runes: barnacled, slimy, silver, gossamer
a: Renounce Religion, Upheaval, Elemental Force


You were on level 5 of the Dungeon.
You worshipped Qazlal.
Qazlal was greatly pleased with you.
You visited 11 branches of the dungeon, and saw 56 of its levels.
You visited the Abyss 5 times.
You also visited: Bailey.

You collected 8240 gold pieces.
You spent 2481 gold pieces at shops.

Inventory:

Hand Weapons
 a - a +5 spectral broad axe (weapon)
 b - a +9 broad axe of freezing
 m - a +2 trishula of holy wrath
 L - the +10 morningstar of Ixammoti {vorpal, Will+++ Str-3 Int+6}
   (You took it off a spriggan on level 3 of the Lair of Beasts)

   It inflicts extra damage upon your enemies.
   Str:       It affects your strength (-3).
   Int:       It affects your intelligence (+6).
   Will:      It greatly increases your willpower.
Missiles
 k - 10 boomerangs
 o - 3 throwing nets
 E - 3 silver javelins
 Z - 5 javelins
Armour
 g - the +1 cloak of Qaopt (worn) {rElec rPois rN+}
   (You acquired it on level 2 of the Dungeon)

   rElec:     It insulates you from electricity.
   rPois:     It protects you from poison.
   rN:        It protects you from negative energy.
 l - +6 gold dragon scales (worn)
 u - the +2 hood of the Assassin (worn) {Detection Stab+ Stlth++}
   (You found it on level 5 of the Vaults)

   It allows the wearer to sense nearby creatures.
   It allows the wearer to make particularly effective stabbing attacks against
   helpless or unaware enemies with any weapon.
   Stlth:     It makes you much more stealthy.
 z - a +2 pair of gloves (worn)
 A - the +0 pair of boots of the Iron City of Dis (worn) {rN++}
   (You acquired it on level 1 of the Lair of Beasts)

   rN:        It greatly protects you from negative energy.
 G - a +1 kite shield of reflection (worn)
Jewellery
 d - the amulet of Heje Sigh (around neck) {rPois rF++ rN+ Regen+ Stlth+}
   (You found it on level 3 of the Crypt)

   [amulet of regeneration]

   rF:        It greatly protects you from fire.
   rPois:     It protects you from poison.
   rN:        It protects you from negative energy.
   Regen:     It increases your rate of health regeneration.
   Stlth:     It makes you more stealthy.
 r - the ring "Itaygaoq" {rN+ Dex+4 Slay+2}
   (You found it on level 3 of the Crypt)

   [ring of positive energy]

   Dex:       It affects your dexterity (+4).
   Slay:      It affects your accuracy & damage with ranged weapons and melee
   (+2).
   rN:        It protects you from negative energy.
 t - a +4 ring of protection (right hand) {=R}
 w - the ring "Teg Honau" (left hand) {rC++ Will+ rCorr Int+6 Stlth-}
   (You bought it in a shop on level 2 of the Orcish Mines)

   [ring of intelligence]

   Int:       It affects your intelligence (+6).
   rC:        It greatly protects you from cold.
   rCorr:     It protects you from acid and corrosion.
   Will:      It increases your willpower.
   Stlth:     It makes you less stealthy.
 y - the ring "Tirepnierch" {Wiz rF+ rN+ MP-9}
   (You acquired it on level 14 of the Dungeon)

   [ring of wizardry]

   It improves your spell success rate.
   rF:        It protects you from fire.
   rN:        It protects you from negative energy.
   MP:        It affects your magic capacity (-9).
 C - a ring of see invisible
 H - the ring "Mialuul" {rElec rF+ rC+ Stlth+}
   (You found it on level 3 of the Depths)

   [ring of protection from fire]

   rF:        It protects you from fire.
   rC:        It protects you from cold.
   rElec:     It insulates you from electricity.
   Stlth:     It makes you more stealthy.
Wands
 e - a wand of digging (9)
 i - a wand of acid (1)
 n - a wand of polymorph (2)
 p - a wand of iceblast (16)
 K - a wand of paralysis (14)
Scrolls
 c - a scroll of brand weapon
 h - 8 scrolls of fog
 v - 7 scrolls of teleportation
 D - 4 scrolls of silence
 F - 5 scrolls of fear
 T - 2 scrolls of magic mapping
 Y - 41 scrolls of identify {@r1}
Potions
 s - 6 potions of flight
 I - 3 potions of magic
 M - 2 potions of berserk rage
 O - 2 potions of mutation
 P - a potion of cancellation
 V - 9 potions of brilliance
Miscellaneous
 j - a tin of tremorstones (1/2)
 x - a lightning rod (4/4)
 B - a box of beasts (inert)
 N - a phantom mirror
 S - a condenser vane (inert)
 X - a phial of floods (inert)


   Skills:
 O Level 27 Fighting
 - Level 19.1 Axes
 - Level 8.9(13.7) Slings
 - Level 15.0(15.8) Throwing
 - Level 24.8 Armour
 - Level 14.3 Dodging
 - Level 1.5 Stealth
 - Level 15.6 Shields
 - Level 6.0 Spellcasting
 + Level 11.1 Transmutations
 + Level 9.2 Earth Magic
 - Level 19.2 Invocations
 - Level 11.8 Evocations


You had 31 spell levels left.
You knew the following spells:

 Your Spells              Type           Power      Damage    Failure   Level
a - Passwall              Tmut/Erth      15%        N/A       10%         2
b - Apportation           Tloc           4%         N/A       99%         1
c - Animate Skeleton      Necr           4%         N/A       99%         1
d - Call Imp              Summ           2%         N/A       100%        2

Your spell library contained the following spells:

 Spells                   Type           Power      Damage    Failure   Level
 Sandblast                Erth           32%        2d9       10%         1
 Sting                    Tmut/Pois      40%        1d5       43%         1
 Petrify                  Tmut/Erth      18%        N/A       56%         4
 Blade Hands              Tmut           9%         N/A       80%         5
 Spider Form              Tmut/Pois      10%        N/A       82%         3
 Stone Arrow              Conj/Erth      18%        3d8       91%         3
 Ignite Poison            Fire/Tmut/Pois 8%         N/A       97%         3
 Foxfire                  Conj/Fire      8%         2x1d4     99%         1
 Freeze                   Ice            8%         1d3       99%         1
 Magic Dart               Conj           8%         1d3       99%         1
 Pain                     Necr           8%         1d4       99%         1
 Shock                    Conj/Air       8%         1d3       99%         1
 Summon Small Mammal      Summ           8%         N/A       99%         1
 Ice Form                 Ice/Tmut       10%        N/A       99%         4
 Corpse Rot               Necr/Air       4%         N/A       100%        2
 Ensorcelled Hibernation  Hex/Ice        4%         N/A       100%        2
 Poisonous Vapours        Pois/Air       4%         N/A       100%        2
 Searing Ray              Conj           4%         2d4       100%        2
 Static Discharge         Conj/Air       2%         N/A       100%        2
 Sublimation of Blood     Necr           2%         N/A       100%        2
 Call Canine Familiar     Summ           2%         N/A       100%        3
 Dazzling Flash           Conj/Hex       4%         N/A       100%        3
 Frozen Ramparts          Ice            4%         1d2       100%        3
 Inner Flame              Hex/Fire       2%         N/A       100%        3
 Mephitic Cloud           Conj/Pois/Air  2%         N/A       100%        3
 Ozocubu's Armour         Ice            2%         N/A       100%        3
 Portal Projectile        Hex/Tloc       4%         N/A       100%        3
 Swiftness                Air            2%         N/A       100%        3
 Vampiric Draining        Necr           2%         2d6       100%        3
 Airstrike                Air            1%         N/A       100%        4
 Animate Armour           Summ/Erth      18%        N/A       100%        4
 Animate Dead             Necr           1%         N/A       100%        4
 Cause Fear               Hex            1%         N/A       100%        4
 Dispel Undead            Necr           2%         3d7       100%        4
 Fulminant Prism          Conj/Hex       1%         3d6       100%        4
 Hailstorm                Conj/Ice       2%         3d3       100%        4
 Leda's Liquefaction      Hex/Erth       4%         N/A       100%        4
 Olgreb's Toxic Radiance  Pois           2%         N/A       100%        4
 Sticky Flame             Conj/Fire      2%         2d3       100%        4
 Summon Ice Beast         Ice/Summ       2%         N/A       100%        4
 Summon Lightning Spire   Summ/Air       2%         N/A       100%        4
 Agony                    Necr           2%         N/A       100%        5
 Alistair's Intoxication  Tmut/Pois      6%         N/A       100%        5
 Borgnjor's Vile Clutch   Necr/Erth      4%         N/A       100%        5
 Fireball                 Conj/Fire      1%         3d3       100%        5
 Freezing Cloud           Conj/Ice/Air   1%         6-21      100%        5
 Irradiate                Conj/Tmut      5%         3d15      100%        5
 Iskenderun's Battlesphe  Conj           2%         2d6       100%        5
 Lightning Bolt           Conj/Air       1%         1d12      100%        5
 Metabolic Englaciation   Hex/Ice        1%         N/A       100%        5
 Silence                  Hex/Air        1%         N/A       100%        5
 Summon Mana Viper        Hex/Summ       2%         N/A       100%        5
 Conjure Ball Lightning   Conj/Air       1%         3x3d6     100%        6
 Death Channel            Necr           1%         N/A       100%        6
 Dispersal                Tloc           1%         N/A       100%        6
 Eringya's Noxious Bog    Tmut/Pois      5%         N/A       100%        6
 Iron Shot                Conj/Erth      4%         9d2       100%        6
 Simulacrum               Ice/Necr       1%         N/A       100%        6
 Starburst                Conj/Fire      1%         6d3       100%        6
 Statue Form              Tmut/Erth      12%        N/A       100%        6
 Dragon Form              Tmut           9%         N/A       100%        7
 Haunt                    Necr/Summ      1%         N/A       100%        7
 Malign Gateway           Summ/Tloc      1%         N/A       100%        7
 Monstrous Menagerie      Summ           1%         N/A       100%        7
 Ozocubu's Refrigeration  Ice            1%         4d5       100%        7
 Spellforged Servitor     Conj/Summ      1%         N/A       100%        7
 Storm Form               Tmut/Air       5%         N/A       100%        7
 Borgnjor's Revivificati  Necr           1%         N/A       100%        8
 Discord                  Hex            1%         N/A       100%        8
 Disjunction              Tloc           1%         N/A       100%        8
 Ignition                 Fire           1%         3d3       100%        8
 Infestation              Necr           1%         N/A       100%        8
 Maxwell's Capacitive Co  Air            1%         ∞         100%        8
 Necromutation            Tmut/Necr      5%         N/A       100%        8
 Chain Lightning          Conj/Air       1%         3d1       100%        9
 Death's Door             Necr           1%         N/A       100%        9
 Dragon's Call            Summ           1%         N/A       100%        9
 Fire Storm               Conj/Fire      1%         7d1       100%        9
 Shatter                  Erth           8%         3d10*     100%        9


Dungeon Overview and Level Annotations

Branches:
Dungeon (15/15)            Temple (0/1) D:7            Lair (6/6) D:11
 Shoals (4/4) Lair:4       Spider (4/4) Lair:3        Slime (5/5) Lair:6
    Orc (2/2) D:9             Elf (3/3) Orc:2        Vaults (5/5) D:14
  Crypt (3/3) Vaults:3       Tomb (0/3) Crypt:3      Depths (4/4) D:15
    Zot (5/5) Depths:4     Bailey (visited)

Altars:
Dithmenos
Elyvilon
Fedhas
Gozag
Kikubaaqudgha
Nemelex Xobeh
Qazlal
Sif Muna
Trog
Uskayaw
Vehumet
Xom
Yredelemnul
Beogh
Jiyva

Shops:
D:15 !(   Orc:2 (=([   Shoals:2 :   Shoals:3 *   Vaults:2 :   Vaults:4 *
Depths:4 [

Portals:
Hell: Depths:1 Depths:2 Depths:3 Depths:4
Abyss: Depths:3
Pandemonium: Depths:1 Depths:2 Depths:3
Ziggurat: Depths:1
Trove: D:14 (give 7 scrolls of fear)

Annotations:
Elf:2 2 transporters, 3 runed translucent doors, Melian's ghost, adept MiBe
Vaults:2 2 transporters
Zot:3 2 transporters, Vuynal's ghost, legendary GrHu


Innate Abilities, Weirdness & Mutations

You have a pair of horns on your head.
You reflexively headbutt those who attack you in melee.
You are partially covered in large bone plates. (SH +4)
You tend to lose your temper in combat.
You are clumsy. (Dex -2)
Armour fits poorly on your strangely shaped body.
Your body often deteriorates upon taking damage.
You are very dopey. (Int -4)
You are frail. (-10% HP)
Your magical capacity is extremely low. (-30% MP)
You are weak. (Str -2)
Your spells are a little easier to cast, but a little less powerful.
You sometimes lose the ability to read scrolls when taking damage.


Message History

The Hell Sentinel is lightly wounded.
Your resistance to elements expires.
The cacodemon is engulfed in blazing flames.
You hit the Hell Sentinel but do no damage.
The Hell Sentinel is lightly wounded.
The sixfirhy is engulfed in blazing flames. x5
The Hell Sentinel gestures at you.
The sphere of damnation explodes!
The damnation engulfs you!!!
You feel threatened and lose the ability to read scrolls!
The damnation engulfs the Hell Sentinel.
The Hell Sentinel completely resists.
The sixfirhy is engulfed in blazing flames.
You slice the Hell Sentinel!!
The Hell Sentinel is moderately wounded.
The sixfirhy is engulfed in blazing flames. x4
You kill the sixfirhy!
Qazlal accepts your kill. The Hell Sentinel gestures at you.
The iron shot hits you!!
* * * LOW HITPOINT WARNING * * *
The cacodemon gestures next to you.
Some rock shatters into small pieces.
You hit the Hell Sentinel but do no damage.
You headbutt the Hell Sentinel.
The Hell Sentinel is moderately wounded.
Your +5 spectral broad axe hits the Hell Sentinel!
Your +5 spectral broad axe hits the cacodemon.
The Hell Sentinel gestures at you.
The sphere of damnation explodes!
The damnation engulfs you!!
* * * LOW HITPOINT WARNING * * *
The damnation engulfs the Hell Sentinel.
The Hell Sentinel completely resists.
The damnation engulfs your +5 spectral broad axe!!!
Your spectral weapon shares its damage with you!
Your +5 spectral broad axe fades away.
* * * LOW HITPOINT WARNING * * *
A red film seems to cover your vision as you go berserk!
You feel yourself moving faster!
You feel mighty! You block the Hell Sentinel's attack.
The Hell Sentinel hits you!
You die...

#.#####.# ###.#####.##
##### #..........#
#...####..#.#####..##
#>........#.#####....
#>..##.####.......##.
##.##. ##########. ###
#.#.# #. ## #.# ##.2@#
#. #.# #.###..1###
######## #. #.#
#.##.#°##.###......# #.
#.#
#...#43....##......# ##
#.##..#.####.###......#
# #.#...##
##..........# # ##...##
#...##......######
#####.#.##
#.#.#.............
##........#
#.#>#........####.


You could see a Hell Sentinel, a cacodemon, an orange demon and a sixfirhy.

Vanquished Creatures
  the Royal Jelly (Slime:5)
  A dread lich (Vaults:5)
  2 ancient liches (Zot:5)
  Mennas (Crypt:1)
  6 orbs of fire
  3 juggernauts
  10 Killer Klowns
  Bai Suzhen (Shoals:4)
  6 curse toes
  Saint Roka (Crypt:1)
  Margery (Crypt:3)
  14 golden dragons
  A profane servitor (Crypt:3)
  The ghost of Ruyty the Fighter, an adept DsGl of Nemelex Xobeh (Vaults:2)
  8 bone dragons
  A Brimstone Fiend (D:4)
  6 electric golems
  20 tentacled monstrosities
  Asterion (Vaults:1)
  15 liches
  2 deep elf blademasters (Elf:3)
  26 Orb Guardians
  7 quicksilver dragons
  2 walking earthen tomes (Depths:2)
  5 death cobs
  8 titans
  Polyphemus (Shoals:2)
  2 deep elf master archers (Elf:3)
  17 acid blobs
  3 Executioners
  9 ancient champions
  3 sphinxes
  10 storm dragons
  10 shadow dragons
  23 tentacled starspawn
  5 tengu reavers
  Donald (Spider:4)
  10 rockslimes
  A daeva (Abyss:3)
  The ghost of AyAyRon the Bludgeoner, an adept DsFi of Yredelemnul (D:15)
  6 fire giants
  9 draconian monks
  9 azure jellies
  An emperor scorpion (Spider:4)
  9 frost giants
  4 revenants
  13 vault wardens
  2 deep elf sorcerers (Elf:3)
  5 orc warlords
  5 draconian knights
  6 draconian scorchers
  2 cacodemons
  9 draconian shifters
  2 curse skulls
  A balrug (Abyss:3)
  An angel (Abyss:3)
  11 quicksilver oozes
  8 ghost moths
  6 draconian stormcallers
  4 deep elf elementalists
  5 ghouls
  5 spectral caustic shrikes (Depths:2)
  A spriggan defender (Depths:2)
  14 ironbound preservers
  6 draconian annihilators
  4 ironbound thunderhulks
  14 stone giants
  2 broodmothers
  11 deep elf demonologists
  A war gargoyle (Vaults:5)
  21 very ugly things
  10 black draconians
  2 caustic shrike skeletons (Abyss:3)
  11 green draconians
  5 entropy weavers
  4 vampire knights
  2 lorocyprocas (Abyss:3)
  10 red draconians
  9 white draconians
  15 spark wasps
  Azrael (D:12)
  15 dire elephants
  11 purple draconians
  7 deep elf annihilators (Elf:3)
  8 yellow draconians
  2 blizzard demons (Abyss:3)
  8 deep elf death magi
  6 eidola
  12 crystal guardians
  4 ettins
  7 merfolk impalers
  2 mummy priests (Crypt:3)
  16 jiangshi
  5 merfolk javelineers (Shoals:4)
  10 fire dragons
  A quicksilver dragon zombie (Abyss:3)
  27 vault guards
  12 great orbs of eyes
  9 ice dragons
  8 yaktaur captains
  Harold (Lair:2)
  5 deep elf high priests
  A peacekeeper (Vaults:3)
  7 hydras
  A spriggan air mage (Depths:3)
  4 rakshasas
  A jorogumo (Spider:2)
  5 catoblepae
  A merfolk avatar (Shoals:4)
  A spriggan skeleton (Abyss:3)
  4 boulder beetles
  10 centaur warriors
  3 radroaches
  A spectral tengu (D:15)
  3 alligator snapping turtles
  12 merfolk aquamancers
  6 ironbound frosthearts
  18 dancing weapons
  An alligator snapping turtle (shapeshifter) (Vaults:5)
  5 death knights
  9 two-headed ogres
  12 hell hogs
  2 tengu warriors
  2 satyrs
  4 deep troll earth magi
  6 deep troll shamans
  21 thrashing horrors
  12 vampire magi
  6 death yaks
  2 orc high priests (Orc:2)
  6 spriggan berserkers
  Sonja (D:12)
  5 soul eaters
  25 wretched stars
  Nergalle (Lair:2)
  3 hell knights (Crypt:3)
  A storm dragon zombie (D:15)
  16 deep elf knights
  5 sun demons (Abyss:3)
  4 iron trolls
  7 shadow wraiths
  A spectral spark wasp (D:15)
  4 pharaoh ants
  A storm dragon skeleton (Crypt:3)
  An anaconda zombie (Abyss:3)
  4 spatial maelstroms
  9 sea snakes
  4 sixfirhies
  A sun moth (Spider:2)
  11 skeletal warriors
  A shadow demon (Depths:2)
  A golden dragon skeleton (Crypt:1)
  A ghost moth zombie (Crypt:1)
  49 deep trolls
  10 orb spiders
  An obsidian statue (D:15)
  11 flayed ghosts
  7 steelbarb worms
  A bog body (Crypt:2)
  A spriggan simulacrum (Abyss:3)
  18 ironbound convokers
  15 deep elf archers
  6 glowing orange brains
  21 harpies
  13 wizards
  An anaconda skeleton (Abyss:3)
  16 phantasmal warriors
  An orange crystal statue (Depths:3)
  An iron dragon zombie (Abyss:3)
  5 necromancers
  A wolf spider (shapeshifter) (Elf:2)
  4 lindwurms
  42 ugly things
  20 deep elf pyromancers
  22 deep elf zephyrmancers
  22 wolf spiders
  A frost giant zombie (D:15)
  2 will-o-the-wisps
  3 shining eyes
  10 orc knights
  A salamander (Depths:2)
  7 orc sorcerers
  16 elephants
  2 stone giant zombies
  14 fauns
  8 worldbinders
  7 cyclopes
  13 manticores
  8 merfolk sirens
  4 rust devils
  25 moths of wrath
  A dire elephant zombie (Crypt:3)
  Joseph (D:10)
  A naga mage (Vaults:3)
  5 apocalypse crabs
  2 alligator snapping turtle zombies
  A black mamba (Lair:1)
  A water nymph (shapeshifter) (Vaults:5)
  A fire giant skeleton (Crypt:1)
  Maurice (D:8)
  28 smoke demons
  7 water nymphs
  2 eyes of devastation (Slime:1)
  27 vault sentinels
  4 torpor snails
  5 orange demons
  8 cane toads
  5 demonic crawlers
  2 rime drakes
  2 gargoyles
  3 kobold demonologists
  10 komodo dragons
  2 unseen horrors (D:11)
  A redback zombie (Crypt:3)
  A steelbarb worm zombie (Crypt:1)
  Psyche (D:10)
  A rime drake (shapeshifter) (D:15)
  A komodo dragon (shapeshifter) (Vaults:2)
  A hellion (Abyss:3)
  25 yaktaurs
  2 tengu conjurers
  13 freezing wraiths
  4 efreet
  5 hellwings
  14 ancient zymes
  A merfolk (shapeshifter) (Vaults:5)
  12 trolls
  2 guardian mummies (Crypt:3)
  2 meliai (shapeshifter)
  9 meliai
  24 merfolk
  A golden dragon simulacrum (D:15)
  2 harpy zombies
  29 tarantellas
  A tyrant leech (shapeshifter) (Vaults:2)
  5 polar bears
  3 wind drakes
  A blink frog (shapeshifter) (D:15)
  3 hornets
  38 blink frogs
  69 slime creatures
  Prince Ribbit (D:6)
  2 harpy skeletons
  8 snapping turtles
  4 spriggan zombies
  40 raiju
  27 jumping spiders
  A jumping spider (shapeshifter) (D:14)
  20 dream sheep
  Sigmund (D:3)
  5 spriggans
  2 fire dragon zombies (Crypt:3)
  14 flying skulls
  15 water elementals
  An orc simulacrum (Crypt:1)
  A centaur simulacrum (D:15)
  4 vampires
  10 ynoxinuls
  25 culicivoras
  3 air elementals
  A fire dragon skeleton (Crypt:1)
  5 shadows
  8 wraiths
  3 wyverns
  3 ushabtiu (Crypt:3)
  A spriggan (shapeshifter) (Elf:1)
  6 fire elementals
  5 basilisks
  3 fire bats (Abyss:3)
  51 yaks
  Eustachio (D:4)
  An alligator snapping turtle simulacrum (Abyss:3)
  2 black mamba skeletons (Crypt:3)
  12 golden eyes
  8 chaos spawn
  7 neqoxecs
  34 redbacks
  2 steam dragons
  10 vampire mosquitoes
  55 large abominations
  12 wargs
  3 spatial vortices (Abyss:3)
  2 acid dragons
  14 water moccasins
  8 hell hounds
  2 floating eyes
  A demonspawn skeleton (Crypt:2)
  46 orc warriors
  2 black bears
  6 necrophages
  A sky beast (D:7)
  46 small abominations
  62 starcursed masses
  4 boggarts (Vaults:1)
  17 wolves
  7 ogres
  A torpor snail zombie (Crypt:1)
  14 centaurs
  Blork the orc (D:5)
  14 kobold brigands
  A fire crab zombie (Crypt:2)
  2 scorpions
  14 bullfrogs
  2 gnoll sergeants
  3 earth elementals
  A bullfrog (shapeshifter) (Elf:1)
  A scorpion (shapeshifter) (Depths:2)
  A glowing shapeshifter simulacrum (D:15)
  8 killer bees
  A water moccasin skeleton (D:4)
  12 wights
  A polar bear skeleton (Crypt:3)
  A troll skeleton (Crypt:3)
  6 howler monkeys
  6 electric eels
  A wolf zombie (Crypt:2)
  2 crimson imps
  9 centaur zombies
  5 hounds
  2 bullfrog zombies (D:5)
  8 quasits
  3 centaur skeletons
  A jelly (shapeshifter) (Depths:2)
  27 orc priests
  3 jellies
  A gnoll shaman (D:9)
  A human skeleton (Crypt:3)
  2 iron imps (Abyss:3)
  A bullfrog skeleton (D:4)
  3 iguanas
  9 hell rats
  22 orc wizards
  A scorpion zombie (D:5)
  3 yak simulacra (D:10)
  3 polar bear simulacra (D:10)
  3 wolf simulacra (D:10)
  A deep dwarf skeleton (Crypt:1)
  A hound skeleton (D:4)
  3 howler monkey skeletons
  2 howler monkey zombies
  Robin (D:3)
  15 gnolls
  2 adders
  6 white imps
  10 ufetubi
  A lava snake skeleton (Crypt:2)
  An adder skeleton (Crypt:2)
  A worm (D:2)
  A worm (shapeshifter) (Vaults:5)
  2 dart slugs
  111 orcs
  7 ball pythons
  A bat zombie (Crypt:1)
  7 endoplasms
  2 giant cockroaches (D:3)
  24 goblins
  25 hobgoblins
  3 jackals (D:1)
  5 quokkas
  5 bats
  A frilled lizard (D:1)
  A giant cockroach zombie (Crypt:2)
  A goblin skeleton (Crypt:2)
  A goblin zombie (Crypt:2)
  A hobgoblin skeleton (Crypt:2)
  22 kobolds
  A quokka zombie (Crypt:1)
  12 rats
  A rat skeleton (Crypt:3)
  2 river rat simulacra (D:10)
  6 lurking horrors
  18 starspawn tentacles
2899 creatures vanquished.

Vanquished Creatures (collateral kills)
  Nikola (Shoals:4)
  A tentacled monstrosity (Zot:5)
  A walking crystal tome (Depths:2)
  A walking divine tome (Depths:2)
  A shadow dragon (Zot:4)
  A demonspawn warmonger (Zot:4)
  A frost giant (Depths:2)
  A draconian scorcher (Zot:3)
  A draconian shifter (Zot:1)
  A draconian annihilator (Zot:1)
  A draconian stormcaller (Depths:4)
  A stone giant (Depths:2)
  A green draconian (Zot:4)
  3 yellow draconians
  2 white draconians
  2 merfolk impalers
  A yaktaur captain (Vaults:5)
  An ettin (Depths:2)
  2 jiangshi
  2 vault guards
  A spriggan air mage (Depths:2)
  A rakshasa (Depths:3)
  A merfolk avatar (Shoals:2)
  A spriggan berserker (Depths:2)
  2 deep trolls (Vaults:3)
  An ironbound convoker (Vaults:2)
  4 harpies (Shoals:2)
  2 wolf spiders
  3 ugly things
  A faun (Shoals:1)
  A manticore (Shoals:2)
  2 moths of wrath (Zot:4)
  3 water nymphs
  A yaktaur (Vaults:3)
  2 merfolk
  4 hornets (Depths:2)
  A tarantella (Spider:4)
  A slime creature (Slime:5)
  2 snapping turtles
  2 dream sheep (Shoals:2)
  A culicivora (Spider:4)
  4 spriggans (Depths:2)
  A redback (Spider:2)
  An orc warrior (Orc:2)
  A necrophage (Crypt:1)
  A kobold brigand (Depths:3)
  An orc wizard (Orc:2)
  2 orcs (Orc:2)
74 creatures vanquished.

Vanquished Creatures (others)
  3 death cobs
  A fire giant (Depths:2)
  A vault warden (Vaults:5)
  A draconian shifter (Zot:3)
  A ghost moth (Zot:4)
  2 very ugly things
  A yellow draconian (Zot:1)
  A green death (D:4)
  An alligator snapping turtle (Shoals:4)
  A merfolk aquamancer (Shoals:4)
  A dancing weapon (Elf:1)
  A deep troll (Depths:4)
  A sea snake (Shoals:4)
  2 deep elf archers (Elf:1)
  A deep elf zephyrmancer (Elf:3)
  A wizard (Vaults:3)
  A water nymph (Shoals:4)
  A hellwing (D:4)
  A merfolk (Shoals:4)
  A meliai (Spider:2)
  A hornet (Depths:2)
  An air elemental (Elf:1)
  A chaos spawn (Abyss:3)
  3 small abominations (Abyss:3)
  An ufetubus (Abyss:3)
  A block of ice (D:5)
  16 foxfires
  31 fungi
  3 lurking horrors (Abyss:3)
  175 plants
  75 starspawn tentacles
  32 tentacles
364 creatures vanquished.

Grand Total: 3337 creatures vanquished

Notes
Turn   | Place    | Note
-------+----------+-------------------------------------------
     0 | D:1      | dolemite99 the Minotaur Monk began the quest for the Orb.
     0 | D:1      | Reached XP level 1. HP: 19/19 MP: 0/0
   337 | D:1      | Reached XP level 2. HP: 5/26 MP: 1/1
   722 | D:1      | Found a faded altar of an unknown god.
   969 | D:1      | Prayed at the altar of an unknown god.
   969 | D:1      | Became a worshipper of Qazlal Stormbringer
   969 | D:1      | Reached * piety under Qazlal
   969 | D:1      | Reached ** piety under Qazlal
  1209 | D:1      | Identified a scroll of acquirement
  1210 | D:1      | Acquired a +2 broad axe of freezing
  1231 | D:1      | Reached skill level 5 in Axes
  1574 | D:2      | Reached XP level 3. HP: 31/31 MP: 2/2
  1617 | D:2      | Reached *** piety under Qazlal
  1757 | D:2      | Acquired the +1 cloak of Qaopt {rElec rPois rN+}
  2116 | D:3      | Noticed a necrophage
  2123 | D:3      | Killed a necrophage
  2124 | D:3      | Reached XP level 4. HP: 39/39 MP: 3/3
  2124 | D:3      | Reached XP level 5. HP: 45/45 MP: 4/4
  2290 | D:3      | Noticed Robin
  2307 | D:3      | Killed Robin
  2307 | D:3      | Reached **** piety under Qazlal
  2658 | D:3      | Noticed Sigmund
  2670 | D:3      | Killed Sigmund
  2671 | D:3      | Reached XP level 6. HP: 40/51 MP: 5/5
  3351 | D:4      | Noticed Eustachio
  3368 | D:4      | Killed Eustachio
  3369 | D:4      | Reached XP level 7. HP: 23/57 MP: 6/6
  3475 | D:4      | Reached skill level 10 in Axes
  4052 | D:4      | Found a white marble altar of Elyvilon.
  4440 | D:5      | Entered Level 5 of the Dungeon
  4629 | D:5      | Reached XP level 8. HP: 59/64 MP: 7/7
  4895 | D:5      | Noticed Blork the orc
  4900 | D:5      | Killed Blork the orc
  5229 | D:6      | Reached ***** piety under Qazlal
  5272 | D:6      | Found an opulent altar of Gozag.
  5281 | D:6      | Identified the +9 hand axe of Geokiad {pain, Fly rCorr
                  | Dex+5 Stlth-}
  5735 | D:6      | Noticed Prince Ribbit
  5752 | D:6      | Killed Prince Ribbit
  5874 | D:6      | Found a blossoming altar of Fedhas.
  6101 | D:7      | Reached XP level 9. HP: 64/70 MP: 8/8
  6272 | D:7      | Reached skill level 15 in Axes
  6397 | D:7      | Found a staircase to the Ecumenical Temple.
  7044 | D:7      | Noticed a seven-headed hydra
  7059 | D:7      | Killed a seven-headed hydra
  7235 | D:7      | Noticed a two-headed ogre
  7259 | D:7      | Killed a two-headed ogre
  7260 | D:7      | Reached XP level 10. HP: 33/77 MP: 8/11
  7462 | D:7      | Noticed a two-headed ogre
  7469 | D:7      | Killed a two-headed ogre
  7470 | D:7      | Reached skill level 5 in Invocations
  7548 | D:7      | Noticed a two-headed ogre
  7550 | D:7      | Killed a two-headed ogre
  7636 | D:7      | Noticed a two-headed ogre
  7641 | D:7      | Killed a two-headed ogre
  7642 | D:7      | Noticed a brown ugly thing
  7653 | D:7      | Killed a brown ugly thing
  8090 | D:7      | Got Sif Muna's Papyrus of the Aerial Voyage
  8097 | D:7      | Got the Guide on Snow and the Blaze
  8363 | D:8      | Reached skill level 1 in Armour
  8634 | D:8      | Noticed Maurice
  8647 | D:8      | Killed Maurice
  8928 | D:8      | Found an ancient bone altar of Kikubaaqudgha.
  9145 | D:9      | Found a staircase to the Orcish Mines.
  9152 | D:9      | Reached skill level 5 in Armour
  9160 | D:9      | Reached XP level 11. HP: 72/82 MP: 16/16
  9714 | D:9      | Reached skill level 4 in Fighting
 10419 | D:10     | Entered Level 10 of the Dungeon
 10425 | D:10     | Reached skill level 5 in Fighting
 10472 | D:10     | Reached skill level 6 in Fighting
 10550 | D:10     | Noticed Psyche
 10553 | D:10     | Killed Psyche
 10612 | D:10     | Noticed Joseph
 10618 | D:10     | Killed Joseph
 10619 | D:10     | Reached skill level 7 in Fighting
 10913 | D:10     | Reached skill level 8 in Fighting
 10979 | D:10     | Found a flagged portal.
 10987 | Bailey   | Entered a bailey
 11105 | Bailey   | Noticed an orc warlord
 11123 | Bailey   | Killed an orc warlord
 11124 | Bailey   | Reached skill level 5 in Dodging
 11461 | Bailey   | Identified the +7 mace "Leviticus" {freeze, rN++ MP+9}
 11731 | D:10     | Noticed a necromancer
 11745 | D:10     | Killed a necromancer
 12121 | D:10     | Reached skill level 9 in Fighting
 12552 | D:11     | Found a staircase to the Lair.
 12588 | D:11     | Reached XP level 12. HP: 104/104 MP: 17/17
 12665 | D:11     | Reached ****** piety under Qazlal
 12701 | D:11     | Noticed a two-headed ogre
 12717 | D:11     | Killed a two-headed ogre
 12743 | D:11     | Reached skill level 10 in Fighting
 13034 | D:11     | Noticed a two-headed ogre
 13042 | D:11     | Killed a two-headed ogre
 13094 | D:11     | Noticed a two-headed ogre
 13100 | D:11     | Killed a two-headed ogre
 13350 | D:11     | Reached skill level 10 in Invocations
 13370 | D:11     | Noticed a two-headed ogre
 13377 | D:11     | Killed a two-headed ogre
 13387 | D:11     | Reached skill level 11 in Fighting
 14203 | Lair:1   | Entered Level 1 of the Lair of Beasts
 14726 | Lair:1   | Acquired the +0 buckler "Niuhud" {rN+ Regen+}
 14733 | Lair:1   | Acquired a ring of willpower
 14736 | Lair:1   | Acquired a ring of poison resistance
 14739 | Lair:1   | Acquired the +0 pair of boots of the Iron City of Dis
                  | {rN++}
 14790 | Lair:1   | Reached skill level 1 in Shields
 14790 | Lair:1   | Reached XP level 13. HP: 115/117 MP: 19/19
 15159 | Lair:2   | Noticed Harold
 15173 | Lair:2   | Killed Harold
 15192 | Lair:2   | Reached skill level 5 in Shields
 15621 | Lair:2   | Noticed Nergalle
 15638 | Lair:2   | Killed Nergalle
 16171 | Lair:3   | Identified the +10 morningstar of Ixammoti {vorpal, Will+++
                  | Str-3 Int+6}
 16458 | Lair:3   | Found a hole to the Spider Nest.
 16874 | Lair:4   | Found a staircase to the Shoals.
 17489 | Lair:4   | Identified the +10 chain mail "Onorghado" {rPois Slay+2}
 17880 | Lair:5   | Reached XP level 14. HP: 107/125 MP: 21/21
 18550 | Lair:6   | Entered Level 6 of the Lair of Beasts
 18644 | Lair:6   | Found a staircase to the Slime Pits.
 18645 | Lair:6   | Found a viscous altar of Jiyva.
 18740 | Lair:6   | Reached skill level 10 in Armour
 19606 | Lair:6   | Identified the ring of Niet {rCorr Str+3}
 19902 | Orc:1    | Entered Level 1 of the Orcish Mines
 20062 | Orc:1    | Found a radiant altar of Vehumet.
 20350 | Orc:2    | Entered Level 2 of the Orcish Mines
 20350 | Orc:2    | Found a staircase to the Elven Halls.
 20531 | Orc:2    | Reached skill level 12 in Fighting
 20531 | Orc:2    | Reached XP level 15. HP: 132/132 MP: 17/24
 20882 | Orc:2    | Found a gate leading to a gauntlet.
 20914 | Orc:2    | Noticed an orc warlord
 20932 | Orc:2    | Killed an orc warlord
 20937 | Orc:2    | Reached skill level 13 in Fighting
 21075 | Orc:2    | Found Fegeg's Jewellery Boutique.
 21280 | Orc:2    | Found Emerin's Weapon Emporium.
 21407 | Orc:2    | Found Gevek's Antique Weapon Shoppe.
 21409 | Orc:2    | Found Usip's Antique Armour Emporium.
 21683 | Orc:2    | Bought the ring "Teg Honau" {rC++ Will+ rCorr Int+6 Stlth-}
                  | for 1299 gold pieces
 21821 | D:12     | Noticed Sonja
 21827 | D:12     | Killed Sonja
 21878 | D:12     | Identified the +2 scale mail of Cowardice {rN+ Dex-5
                  | Slay+2}
 21971 | D:12     | Reached skill level 1 in Evocations
 22332 | D:12     | Noticed Azrael
 22344 | D:12     | Killed Azrael
 22643 | Orc:2    | Bought an amulet of reflection for 420 gold pieces
 23529 | D:14     | Acquired the ring "Tirepnierch" {Wiz rF+ rN+ MP-9}
 23551 | D:14     | Acquired a ring of see invisible
 23570 | D:14     | Reached skill level 5 in Evocations
 23653 | D:14     | Reached skill level 1 in Throwing
 23718 | D:14     | Found a gate to the Vaults.
 23858 | D:14     | Found a portal to a secret trove of treasure.
 24199 | D:14     | Found a radiant altar of Vehumet.
 24201 | D:14     | Found a shadowy altar of Dithmenos.
 24201 | D:14     | Found a bloodstained altar of Trog.
 24203 | D:14     | Found a stormy altar of Qazlal.
 24203 | D:14     | Found a white marble altar of Elyvilon.
 24203 | D:14     | Found a shimmering altar of Xom.
 24289 | D:15     | Entered Level 15 of the Dungeon
 24348 | D:15     | Reached skill level 5 in Throwing
 24572 | D:15     | Found Jal Caizial's Weapon Emporium.
 24625 | D:15     | Found Ahiffuc's Distillery.
 24633 | D:15     | Bought a potion of berserk rage for 60 gold pieces
 24633 | D:15     | Bought a potion of cancellation for 96 gold pieces
 24633 | D:15     | Bought a potion of cancellation for 96 gold pieces
 24633 | D:15     | Bought a potion of cancellation for 96 gold pieces
 24633 | D:15     | Bought a potion of curing for 36 gold pieces
 24633 | D:15     | Bought a potion of curing for 36 gold pieces
 24668 | D:15     | Found a staircase to the Depths.
 24772 | D:15     | Found a sparkling altar of Nemelex Xobeh.
 24795 | D:15     | Found a runed translucent gate.
 24796 | D:15     | Found a runed translucent gate.
 24797 | D:15     | Found a runed translucent gate.
 24802 | D:15     | Noticed AyAyRon's ghost (adept DsFi)
 25165 | Spider:1 | Entered Level 1 of the Spider Nest
 26015 | Spider:1 | Reached XP level 16. HP: 140/145 MP: 16/25
 26090 | Spider:1 | Reached skill level 14 in Fighting
 26853 | Spider:2 | Reached skill level 15 in Invocations
 29268 | Shoals:1 | Entered Level 1 of the Shoals
 29391 | Shoals:1 | Identified the +8 flail "Fiofilosch" {spect, rElec Will+++
                  | Str-4 Int-4}
 29549 | Shoals:1 | Noticed a kraken
 30043 | Shoals:2 | Reached skill level 15 in Armour
 30271 | Shoals:2 | Noticed Polyphemus
 30294 | Shoals:2 | Killed Polyphemus
 30688 | Shoals:2 | Reached XP level 17. HP: 148/154 MP: 28/28
 31266 | Shoals:3 | Reached skill level 15 in Fighting
 31562 | Shoals:3 | Noticed a kraken
 32236 | Shoals:3 | Found Buiplopt's Bounteous Boutique.
 32244 | Shoals:3 | Bought a potion of berserk rage for 80 gold pieces
 32615 | Spider:4 | Entered Level 4 of the Spider Nest
 32813 | Spider:4 | Noticed Donald
 32825 | Spider:4 | Killed Donald
 34368 | Spider:4 | Got a gossamer rune of Zot
 34716 | Spider:4 | Reached skill level 10 in Shields
 35301 | Vaults:1 | Entered Level 1 of the Vaults
 35515 | Vaults:1 | Noticed Asterion
 35548 | Vaults:1 | Killed Asterion
 36057 | Vaults:1 | Identified the +8 battleaxe "Qitsu" {vorpal, rCorr}
 36149 | Vaults:1 | Reached XP level 18. HP: 137/163 MP: 29/29
 37521 | Vaults:1 | Reached skill level 15 in Shields
 38673 | Vaults:2 | Found a transporter.
 38716 | Vaults:2 | Found a transporter.
 38718 | Vaults:2 | Found the ring of Shadows {Umbra +Inv Stlth+}
 38727 | Vaults:2 | Identified the +7 longbow of Kindness {speed, rF+ rN+}
 38823 | Vaults:2 | Reached skill level 10 in Dodging
 39096 | Vaults:2 | Noticed Ruyty's ghost (adept DsGl)
 39097 | Vaults:2 | Found a runed translucent gate.
 39097 | Vaults:2 | Found a runed translucent gate.
 39097 | Vaults:2 | Found a runed translucent gate.
 39143 | Vaults:2 | Reached skill level 16 in Fighting
 39608 | Vaults:2 | Found Rycufaz's Book Shop.
 40903 | Vaults:3 | Found a staircase to the Crypt.
 40940 | Vaults:3 | Reached XP level 19. HP: 77/174 MP: 26/30
 41648 | Vaults:3 | Reached skill level 17 in Fighting
 42300 | Vaults:3 | Found a radiant altar of Vehumet.
 42316 | Vaults:3 | Identified the +0 hat of Paibal {rN+ Will+ Int-4}
 45050 | Vaults:4 | Found Acveit's Assorted Antiques.
 45058 | Vaults:4 | Bought a glowing cloak for 262 gold pieces
 45491 | Elf:1    | Entered Level 1 of the Elven Halls
 45548 | Elf:1    | Reached skill level 18 in Fighting
 47433 | Elf:2    | Found a bloodstained altar of Trog.
 47434 | Elf:2    | Noticed Melian's ghost (adept MiBe)
 47453 | Elf:2    | Found a transporter.
 47456 | Elf:2    | Found a transporter.
 47605 | Elf:2    | Found a runed translucent gate.
 47606 | Elf:2    | Found a runed translucent gate.
 47606 | Elf:2    | Found a runed translucent gate.
 48239 | Shoals:4 | Entered Level 4 of the Shoals
 48255 | Shoals:4 | Noticed Bai Suzhen
 48360 | Shoals:4 | Reached XP level 20. HP: 174/189 MP: 14/32
 48503 | Shoals:4 | Found a frozen archway.
 48769 | Shoals:4 | Noticed Nikola
 48780 | Shoals:4 | Killed Bai Suzhen
 48781 | Shoals:4 | Reached skill level 19 in Fighting
 48787 | Shoals:4 | Killed Nikola
 49999 | Shoals:4 | Got a barnacled rune of Zot
 50468 | Depths:1 | Entered Level 1 of the Depths
 50816 | Depths:1 | Found a one-way gate leading to the halls of Pandemonium.
 50816 | Depths:1 | Found a gateway to Hell.
 50817 | Depths:1 | Noticed a golden dragon
 50817 | Depths:1 | Found a one-way gateway to a ziggurat.
 50828 | Depths:1 | Killed a golden dragon
 51599 | Depths:1 | Found an opulent altar of Gozag.
 51706 | Depths:1 | Paralysed by a great orb of eyes for 3 turns
 52491 | Depths:2 | Reached skill level 10 in Throwing
 52661 | Depths:2 | Noticed a juggernaut
 52677 | Depths:2 | Killed a juggernaut
 52707 | Depths:2 | Noticed a golden dragon
 52723 | Depths:2 | Killed a golden dragon
 52771 | Depths:2 | Reached XP level 21. HP: 78/199 MP: 33/33
 53560 | Depths:2 | Found a hide-covered altar of Uskayaw.
 54600 | Depths:2 | Identified the +0 pair of boots of the Forest {Str+5}
 54613 | Depths:2 | Got the Collected Works on Transmigration
 55188 | Depths:3 | Paralysed by a great orb of eyes for 3 turns
 55641 | Depths:3 | Found a one-way gate to the infinite horrors of the Abyss.
 56868 | Depths:3 | Found a shimmering blue altar of Sif Muna.
 56935 | Depths:3 | Identified the ring "Mialuul" {rElec rF+ rC+ Stlth+}
 57271 | Depths:4 | Entered Level 4 of the Depths
 57309 | Depths:4 | Reached skill level 1 in Slings
 57331 | Depths:4 | Got the Reference Book on Earth and Air
 57788 | Depths:4 | Reached skill level 10 in Evocations
 57806 | Depths:4 | Found Miqaats's Antique Armour Emporium.
 57936 | Depths:4 | Reached skill level 5 in Slings
 58512 | Depths:4 | Noticed a juggernaut
 58525 | Depths:4 | Killed a juggernaut
 58547 | Depths:4 | Noticed a juggernaut
 58565 | Depths:4 | Killed a juggernaut
 59134 | Depths:4 | Reached XP level 22. HP: 154/206 MP: 34/34
 59429 | Depths:4 | Found a gate to the Realm of Zot.
 60092 | Elf:3    | Entered Level 3 of the Elven Halls
 61510 | Elf:3    | Identified the +1 robe of Daba {Fly rF- Int+6 Dex+2}
 61677 | Elf:3    | Found the +0 pair of fencer's gloves {Riposte Dex+3}
 61689 | Elf:3    | Got the Reference Book on Battle Magic and Air
 61693 | Elf:3    | Got the Almanac of Moulding and the Birds
 62435 | D:15     | Killed AyAyRon's ghost
 62661 | Vaults:2 | Reached skill level 15 in Throwing
 62665 | Vaults:2 | Killed Ruyty's ghost
 63077 | Vaults:5 | Entered Level 5 of the Vaults
 63136 | Vaults:5 | Reached skill level 20 in Fighting
 63199 | Vaults:5 | Reached skill level 21 in Fighting
 63207 | Vaults:5 | Identified the amulet of Tavug {rN+ Regen+ Int+3}
 63238 | Vaults:5 | Identified the +5 dagger of Extermination {drain, Fragile
                  | Will++ Str+10}
 63251 | Vaults:5 | Reached skill level 22 in Fighting
 63272 | Vaults:5 | Identified the ring of Birdsong {Ice +Blink Str+4}
 63321 | Vaults:5 | Reached skill level 23 in Fighting
 63358 | Vaults:5 | Reached XP level 23. HP: 55/227 MP: 25/35
 64048 | Vaults:5 | Identified the +9 dagger of the Fray {venom, Will- Dex+5}
 64170 | Vaults:5 | Identified the +9 glaive of Orito {flame, Contam rPois
                  | Int+7 Dex+2}
 64254 | Vaults:5 | Reached skill level 24 in Fighting
 64659 | Vaults:5 | Found the +2 hood of the Assassin {Detection Stab+ Stlth++}
 65066 | Vaults:5 | Got a silver rune of Zot
 65075 | Vaults:5 | Got Seskomy's Guide on Ghastly Fire
 65347 | Vaults:5 | Noticed a dread lich
 65369 | Vaults:5 | Killed a dread lich
 66266 | Zot:1    | Entered Level 1 of the Realm of Zot
 68606 | Zot:1    | Identified the +0 robe of Servitude {Dex+3}
 70298 | Zot:2    | Noticed an orb of fire
 70333 | Zot:2    | Killed an orb of fire
 71206 | Zot:2    | Noticed a curse toe
 71245 | Zot:2    | Reached XP level 24. HP: 174/238 MP: 35/35
 73283 | Slime:1  | Entered Level 1 of the Pits of Slime
 75703 | Slime:5  | Entered Level 5 of the Pits of Slime
 75766 | Slime:5  | Gained mutation: Your body sometimes deteriorates upon
                  | taking damage. [a shining eye]
 76297 | Slime:5  | Gained mutation: You have hidden genetic defects. [a
                  | shining eye]
 76418 | Slime:5  | Found a viscous altar of Jiyva.
 76449 | Slime:5  | Noticed the Royal Jelly
 76474 | Slime:5  | Killed the Royal Jelly
 76978 | Slime:5  | Identified the ring "Touqoirch" {Drain rElec rCorr Int+3
                  | Slay+5}
 76992 | Slime:5  | Identified the +1 robe "Piffoqen" {rElec rF+ Regen+ Int+3}
 77006 | Slime:5  | Identified the amulet "Bek Haer" {Acrobat rN+}
 77019 | Slime:5  | Identified the +0 pair of gloves "Ojaiwer" {rElec rPois}
 77047 | Slime:5  | Got a slimy rune of Zot
 77854 | Crypt:1  | Entered Level 1 of the Crypt
 77854 | Crypt:1  | Found a basalt altar of Yredelemnul.
 78457 | Crypt:1  | Noticed Mennas
 78489 | Crypt:1  | Gained mutation: Your magical capacity is low. (-10% MP)
                  | [hidden defects]
 78815 | Crypt:1  | Noticed Saint Roka
 78823 | Crypt:1  | Killed Saint Roka
 78935 | Crypt:1  | Killed Mennas
 79313 | Crypt:2  | Reached skill level 25 in Fighting
 79485 | Crypt:2  | Gained mutation: You are frail. (-10% HP) [hidden defects]
 79485 | Crypt:2  | Lost mutation: You have hidden genetic defects. [hidden
                  | defects expressed]
 79970 | Crypt:3  | Entered Level 3 of the Crypt
 80002 | Crypt:2  | Reached XP level 25. HP: 124/225 MP: 27/31
 80347 | Crypt:3  | Found a staircase to the Tomb.
 80401 | Crypt:3  | Reached skill level 26 in Fighting
 81350 | Crypt:3  | Noticed Margery
 81408 | Crypt:3  | Found an ancient bone altar of Kikubaaqudgha.
 81408 | Crypt:3  | Found a basalt altar of Yredelemnul.
 81420 | Crypt:3  | Identified the amulet of Heje Sigh {rPois rF++ rN+ Regen+
                  | Stlth+}
 81420 | Crypt:3  | Identified the ring "Itaygaoq" {rN+ Dex+4 Slay+2}
 81480 | Crypt:3  | Found the +8 Vampire's Tooth {vamp}
 81516 | Crypt:3  | Killed Margery
 81519 | Crypt:3  | Reached skill level 27 in Fighting
 81636 | Crypt:3  | Reached skill level 1 in Spellcasting
 81694 | Crypt:3  | Learned a level 2 spell: Passwall
 81696 | Crypt:3  | Learned a level 1 spell: Apportation
 81698 | Crypt:3  | Learned a level 1 spell: Animate Skeleton
 81703 | Crypt:3  | Learned a level 2 spell: Call Imp
 81863 | Crypt:3  | Reached skill level 1 in Earth Magic
 82725 | Depths:3 | Voluntarily entered the Abyss.
 82889 | Abyss:1  | Found a corrupted altar of Lugonu.
 83059 | Abyss:1  | Found a blossoming altar of Fedhas.
 83080 | Abyss:1  | Gained mutation: You are dopey. (Int -2) [a neqoxec]
 83129 | Abyss:3  | Found a corrupted altar of Lugonu.
 84110 | Abyss:3  | Found a corrupted altar of Lugonu.
 84416 | Abyss:3  | Paralysed by accursed screaming for 1 turns
 84560 | Depths:3 | Escaped the Abyss
 84955 | Depths:3 | Voluntarily entered the Abyss.
 84983 | Abyss:1  | Gained mutation: You are weak. (Str -2) [a cacodemon]
 85188 | Depths:3 | Escaped the Abyss
 85200 | Depths:3 | Reached skill level 1 in Transmutations
 85740 | Depths:3 | Voluntarily entered the Abyss.
 85892 | Abyss:1  | Found a corrupted altar of Lugonu.
 86891 | Abyss:3  | Gained mutation: You are occasionally teleported next to
                  | monsters. [a neqoxec]
 87403 | Abyss:3  | Paralysed by accursed screaming for 1 turns
 87677 | Depths:3 | Escaped the Abyss
 87927 | Depths:3 | Voluntarily entered the Abyss.
 87977 | Abyss:1  | Noticed a dread lich
 88430 | Abyss:3  | Found a shimmering altar of Xom.
 88671 | Depths:3 | Escaped the Abyss
 89035 | Depths:3 | Lost mutation: Your magical capacity is low. (-10% MP)
                  | [potion of mutation]
 89035 | Depths:3 | Lost mutation: Your body sometimes deteriorates upon taking
                  | damage. [potion of mutation]
 89036 | Depths:3 | Lost mutation: You are occasionally teleported next to
                  | monsters. [potion of mutation]
 89036 | Depths:3 | Lost mutation: You are very weak. (Str -4) [potion of
                  | mutation]
 89036 | Depths:3 | Gained mutation: You are partially covered in large bone
                  | plates. (SH +4) [potion of mutation]
 90976 | Zot:3    | Reached skill level 5 in Earth Magic
 91010 | Zot:3    | Noticed a shard shrike
 91010 | Zot:3    | Noticed a shard shrike
 91011 | Zot:3    | Noticed Vuynal's ghost (legendary GrHu)
 91035 | Zot:3    | Found a transporter.
 91041 | Zot:3    | Noticed a shard shrike
 91377 | Zot:3    | Found a transporter.
 91456 | Zot:4    | Reached skill level 5 in Transmutations
 93065 | Zot:4    | Noticed a Killer Klown
 93111 | Zot:4    | Killed a Killer Klown
 94280 | Zot:5    | Entered Level 5 of the Realm of Zot
 94490 | Zot:5    | Noticed an orb of fire
 94513 | Zot:4    | Killed an orb of fire
 94951 | Zot:5    | Reached XP level 26. HP: 230/239 MP: 26/35
 95601 | Zot:5    | Identified the amulet "Tucew" {Acrobat Dex+2}
 95727 | Zot:5    | Noticed an ancient lich
 95740 | Zot:5    | Killed an ancient lich
 95756 | Zot:5    | Noticed an orb of fire
 95758 | Zot:5    | Noticed an orb of fire
 95776 | Zot:5    | Noticed an orb of fire
 95777 | Zot:5    | Noticed an ancient lich
 95779 | Zot:5    | Noticed an orb of fire
 95786 | Zot:5    | Gained mutation: You are very dopey. (Int -4) [an orb of
                  | fire]
 96239 | Zot:4    | Killed an orb of fire
 96571 | Zot:5    | Gained mutation: You are weak. (Str -2) [an orb of fire]
 96580 | Zot:5    | Gained mutation: You are clumsy. (Dex -2) [an orb of fire]
 96592 | Zot:5    | Killed an orb of fire
 97565 | Zot:5    | Cast into level 3 of the Abyss (Killer Klown)
 97626 | Abyss:3  | Gained mutation: Your magical capacity is low. (-10% MP) [a
                  | cacodemon]
 97767 | Abyss:3  | Found a corrupted altar of Lugonu.
 98205 | Zot:5    | Escaped the Abyss
 99016 | Zot:5    | Reached skill level 5 in Spellcasting
 99121 | Zot:5    | Gained mutation: Your magical capacity is very low. (-20%
                  | MP) [an orb of fire]
 99128 | Zot:5    | Lost mutation: You are clumsy. (Dex -2) [an orb of fire]
 99135 | Zot:5    | Killed an orb of fire
 99633 | Zot:5    | Killed an ancient lich
 99872 | Zot:5    | Identified the +5 long sword of Bedazzling Duty {vamp, rN+
                  | Str+2}
100316 | Zot:5    | Reached skill level 10 in Transmutations
100683 | Zot:5    | Gained mutation: You tend to lose your temper in combat.
                  | [an orb of fire]
100684 | Zot:5    | Gained mutation: Armour fits poorly on your strangely
                  | shaped body. [an orb of fire]
100686 | Zot:5    | Gained mutation: Your body sometimes deteriorates upon
                  | taking damage. [an orb of fire]
100690 | Zot:5    | Gained mutation: You sometimes lose the ability to read
                  | scrolls when taking damage. [an orb of fire]
100735 | Zot:5    | Gained mutation: You are clumsy. (Dex -2) [an orb of fire]
100741 | Zot:5    | Gained mutation: Your magical capacity is extremely low.
                  | (-30% MP) [an orb of fire]
100742 | Zot:5    | Gained mutation: Your spells are a little easier to cast,
                  | but a little less powerful. [an orb of fire]
100746 | Zot:5    | Gained mutation: Your body often deteriorates upon taking
                  | damage. [an orb of fire]
100749 | Zot:5    | Killed an orb of fire
101373 | Zot:5    | Got the Orb of Zot
101929 | D:4      | Noticed Waog the pandemonium lord
101993 | D:5      | HP: 1/239 [Hell Sentinel (14)]
101994 | D:5      | Slain by a Hell Sentinel

Illustrated notes

Levels and vault maps discovered:
D:1:      dpeg_arrival_rooms_b, layout_basic,
          hellmonk_ecumenical_altar_pennies_from_heaven, minmay_tetromino_s4
D:2:      layout_rooms
D:3:      wad_river_or_something, layout_basic, minmay_ruptured, uniq_sigmund,
          uniq_robin
D:4:      layout_loops_ring, mainiacjoe_overflow_tiny_flanked,
          eino_tiny_chamber, kennysheep_small_square, uniq_eustachio
D:5:      layout_loops_cross, uniq_blork_the_orc
D:6:      layout_loops_ring, kennysheep_mini,
          mainiacjoe_overflow_surrounded_room, kennysheep_potato,
          uniq_prince_ribbit1
D:7:      minmay_the_grid_octo_triangle [minmay_the_grid_octo_concentric,
          minmay_the_grid_octo_prize_big_c, minmay_the_grid_octo_clover],
          layout_basic
D:8:      layout_loops_ring, kiku_gazebo_pond_becter, uniq_maurice
D:9:      layout_stronghold, minmay_orc_entry_guard_dogs,
          kennysheep_generic_room_9
D:10:     layout_long_grid, enter_bailey_3, minmay_misc_feat_ornament,
          minmay_misc_feat_cross, serial_bayou_ford_a, eino_house_with_fridge,
          uniq_joseph, uniq_psyche
D:11:     minmay_imperfect_grid, layout_small_grid, erik_lair_orcish_takeover,
          due_unseen_surprise
D:12:     layout_irregular_city, uniq_azrael, uniq_sonja
D:13:     layout_roguey
D:14:     layout_loops_ring, erik_vaults_1, enter_trove_3, doesnt_xom_only_xom
D:15:     grunt_enter_depths_hoard, layout_irregular_city, serial_shops,
          nicolae_square_shop, nicolae_shop_temple_entry_statues_fountains,
          nemelex_spade_bored_becter, gammafunk_ghost_necromancy, minivault_16
Lair:1:   wander_river, layout_regular_city, infiniplex_staircase_pool
Lair:2:   layout_small_grid, uniq_harold, uniq_nergalle
Lair:3:   layout_hall_layers, spider_nest_entry_web_field,
          grunt_forest_large_clearing_hut
Lair:4:   layout_regular_city, shoals_dummy_entry, wad_woods_road_05
Lair:5:   layout_regular_city, minmay_stone_trees_small, serial_bayou_pond_a
Lair:6:   evilmike_catoblepas_cave, layout_gridlike, slime_altar_1
Shoals:1: layout_shoals
Shoals:2: layout_shoals, serial_shops, shop, uniq_polyphemus
Shoals:3: layout_shoals, nicolae_alphabet_shops, nicolae_shoals_water_shrine
Shoals:4: shoals_end_simple, layout_shoals, portal_ice_cave_entry_pillars_2,
          uniq_bai_suzhen, uniq_nikola
Spider:1: layout_spider_delve
Spider:2: layout_spider_delve
Spider:3: layout_cave_pods
Spider:4: grunt_spider_rune_parallel, uniq_donald
Slime:1:  layout_caves
Slime:2:  layout_caves
Slime:3:  layout_caves, nicolae_slime_barrier, nicolae_slime_welcoming_committee
Slime:4:  layout_caves
Slime:5
Orc:1:    layout_caves, basic_altar
Orc:2:    grunt_orc_community_town_hall, layout_diamond_mine,
          grunt_orc_community_big_house_2, grunt_orc_community_big_house_1,
          grunt_orc_community_house_1, grunt_orc_community_house_2,
          grunt_orc_community_house_1, grunt_orc_community_house_1,
          grunt_orc_community_house_1, grunt_orc_community_house_2,
          gauntlet_entry_generic
Elf:1:    layout_geoelf_grid, minivault_28
Elf:2:    nicolae_elf_blades_crystal_corner, layout_onion_city,
          gammafunk_ghost_wrathful_warriors
Elf:3:    elf_hall_gauntlet_wide, layout_geoelf_diagonals, grunt_megastairs_5
Vaults:1: v_alt_pattern_3, ontoclasm_vaults_gateway, v_alt_pattern_3,
          ontoclasm_vaults_idyll, hangedman_vaults_slither,
          nicolae_vaults_little_squares_2, v_alt_pattern_4, v_misc_29,
          nicolae_vaults_specimen_jars, vaults_room_pools,
          grunt_vaults_hallway_short, layout_vaults_chaotic_city, uniq_asterion
Vaults:2: gammafunk_ghost_split, serial_ice_b, hangedman_vaults_stagger,
          vaults_mumra_minichess_inversion, nicolae_vaults_little_squares_5,
          ontoclasm_vaults_twist, nicolae_vaults_network_s, grunt_vaults_funnel,
          v_misc_5, gammafunk_dig_for_victory, v_misc_13,
          ontoclasm_vaults_shuriken, vaults_standard_mumra_x,
          nicolae_vaults_shelves_hall, layout_vaults_maze, serial_glass,
          serial_shops, shop
Vaults:3: grunt_tower_of_power, minmay_crypt_entry_simple_corners,
          vaults_room_grid, grunt_vaults_hallway_long, vaults_dpeg_diagonal,
          nicolae_vaults_stairing_the_circle, ontoclasm_vaults_chip,
          layout_vaults_big_cross
Vaults:4: vaults_mumra_chevron_long, nicolae_vaults_ring_of_whatevers,
          layout_vaults_quadrants, serial_shops, nicolae_shop_overgrown_old_shop
Vaults:5
Crypt:1:  layout_catacombs, basic_altar, lemuel_upstairs_altar, uniq_saint_roka,
          uniq_mennas
Crypt:2:  layout_chaotic_city
Crypt:3:  lightli_unholy_cathedral, layout_chaotic_city, feat_on_display,
          uniq_margery
Depths:1: layout_honeycomb, enter_ziggurat_a, pan_entry,
          chequers_decorated_corner, hell_entry, minmay_misc_feat_room,
          grunt_gozag_breadcrumbs
Depths:2: grunt_bent_corner, layout_gridlike, mu_enter_wizlab_6,
          rand_demon_pan_entry_7, pf_hell_entry_tar_river,
          nicolae_uskayaw_suspiria, evilmike_butchery
Depths:3: minmay_crystal_thing, layout_basic, dk_noncrumbling_3,
          marbit_kobold_abyss_entry, pan_entry, grunt_hell_entry_dis_grunt,
          st_stairs_2, hangedman_abyss_or_decor_lesser_grid
Depths:4: evilmike_zot_entry_diamond, layout_honeycomb, serial_shops,
          nicolae_shop_crystal, pf_vacation_house_of_asmodeus, laboratory
Zot:1:    layout_onion, st_small_dragon_hoard_1, lemuel_golem_globe
Zot:2:    layout_gridlike, grunt_megastairs_4
Zot:3:    layout_gridlike, gammafunk_ghost_berserking_beasts
Zot:4:    kennysheep_ambush_hall, layout_gridlike, grunt_megastairs_3
Zot:5:    layout_misc_corridors

Skill      XL: |  1  2  3  4  5  6  7  8  9 10 11 12 13 14 15 16 17 18 19 20 21 22 23 24 25 26 |
---------------+-------------------------------------------------------------------------------+-----
Axes           | 4 5 6 8 9 11 14 16 19 | 19.1
Invocations    | 3 8 10 11 14 16 17 18 19 | 19.2
Armour         | 5 6 8 12 15 16 21 24 | 24.8
Fighting       | 9 11 12 13 14 15 16 18 19 23 24 25 27 | 27.0
Dodging        | 7 9 11 13 14 | 14.3
Shields        | 1 5 12 15 | 15.6
Evocations     | 5 10 11 | 11.8
Throwing       | 6 12 13 15 | 15.0
Slings         | 7 8 |  8.9
Spellcasting   | 1 6 |  6.0
Earth Magic    | 6 9 |  9.2
Transmutations | 8 11 | 11.1
Stealth        | |  1.5

Action                   |  1- 3 |  4- 6 |  7- 9 | 10-12 | 13-15 | 16-18 | 19-21 | 22-24 | 25-27 || total
-------------------------+-------+-------+-------+-------+-------+-------+-------+-------+-------++-------
Melee: Hand axe          |    81 |    75 |   151 |    27 |       |       |       |       |       ||   334
       Headbutt          |     5 |    10 |    44 |    88 |   193 |   277 |   415 |   445 |   822 ||  2299
       Punch             |     1 |     1 |     2 |     3 |       |       |       |       |       ||     7
       Broad axe         |       |       |    48 |   473 |   925 |  1015 |  1385 |  1300 |  2102 ||  7248
       Morningstar       |       |       |       |       |    18 |       |       |       |       ||    18
       Trishula          |       |       |       |       |       |       |       |   130 |   247 ||   377
       Unarmed           |       |       |       |       |       |       |       |       |     8 ||     8
Throw: Stone             |    26 |    17 |    32 |    15 |       |       |       |       |       ||    90
       Boomerang         |       |       |       |       |    73 |   290 |     7 |   333 |   332 ||  1035
       Javelin           |       |       |       |       |       |       |    62 |    47 |    70 ||   179
       Throwing net      |       |       |       |       |       |       |       |     2 |     1 ||     3
 Cast: Passwall          |       |       |       |       |       |       |       |       |    10 ||    10
Invok: Upheaval          |       |       |     2 |     8 |    13 |     8 |     4 |     9 |     4 ||    48
       Disaster Area     |       |       |       |       |    11 |     6 |     6 |     9 |     2 ||    34
       Elemental Force   |       |       |       |       |     1 |    11 |     8 |     5 |     3 ||    28
Evoke: Wand              |       |       |     2 |     9 |     2 |    20 |    24 |    42 |    36 ||   135
       Phial of floods   |       |       |       |       |     1 |     7 |     7 |     9 |     6 ||    30
       Box of beasts     |       |       |       |       |       |     4 |     4 |     5 |     8 ||    21
       Tin of tremorston |       |       |       |       |       |     2 |    14 |    19 |     9 ||    44
       Condenser vane    |       |       |       |       |       |       |     3 |    14 |     8 ||    25
       Phantom mirror    |       |       |       |       |       |       |     1 |    10 |     7 ||    18
       Lightning rod     |       |       |       |       |       |       |       |    16 |     1 ||    17
  Use: Scroll            |     4 |     5 |    13 |     9 |    13 |    10 |    14 |    24 |    18 ||   110
       Potion            |       |     1 |     1 |     4 |     1 |     5 |    19 |    24 |    16 ||    71
 Stab: Petrified         |       |       |       |       |     8 |       |       |       |       ||     8
       Petrifying        |       |       |       |       |     2 |       |       |       |       ||     2
       Paralysed         |       |       |       |       |     1 |     8 |       |     4 |     3 ||    16
       Invisible         |       |       |       |       |       |       |     4 |     4 |       ||     8
       Distracted        |       |       |       |       |       |       |     2 |     3 |    28 ||    33
       Confused          |       |       |       |       |       |       |     2 |       |       ||     2
Armor: Robe              |    10 |       |       |       |       |       |       |       |       ||    10
       Ring mail         |     2 |    15 |    14 |       |       |       |       |       |       ||    31
       Leather armour    |     2 |       |       |       |       |       |       |       |       ||     2
       Chain mail        |       |       |    46 |     4 |       |   192 |   230 |       |       ||   472
       Plate armour      |       |       |       |   247 |   401 |   360 |       |       |       ||  1008
       Gold dragon scale |       |       |       |       |       |       |   268 |   832 |  1099 ||  2199
       Skin              |       |       |       |       |       |       |       |       |     2 ||     2
Dodge: Dodged            |    51 |    27 |    48 |   139 |   222 |   359 |   349 |   418 |   518 ||  2131
       Repelled          |       |       |       |     6 |     2 |     3 |    20 |    23 |    42 ||    96
Block: Other             |     9 |    13 |    39 |   144 |       |       |       |       |       ||   205
       Buckler           |       |       |       |     1 |   515 |   396 |       |       |       ||   912
       Reflection        |       |       |       |       |    30 |    65 |    62 |    53 |    51 ||   261
       Kite shield       |       |       |       |       |       |   585 |  1042 |  1269 |  2002 ||  4898

Table legend: (Time is in decaauts)
 A = Elapsed time spent in this place.
 B = Non-inter-level travel time spent in this place.
 C = Inter-level travel time spent in this place.
 D = Time resting spent in this place.
 E = Time spent auto-exploring this place.
 F = Levels seen in this place.
 G = Mean time per level.
                   A        B        C        D        E       F      G
               +--------+--------+--------+--------+--------+-----+--------+
         Total | 100576 |  91179 |   9397 |  33121 |  36933 |  69 | 1457.6 |
       Dungeon |  19368 |  16413 |   2955 |   3416 |   9806 |  15 | 1291.2 |
          Lair |   7105 |   5396 |   1709 |    372 |   3920 |   6 | 1184.2 |
        Shoals |   5740 |   5281 |    459 |   1660 |   2125 |   4 | 1435.0 |
   Spider Nest |   6302 |   5798 |    504 |   2175 |   2386 |   4 | 1575.5 |
    Slime Pits |   3483 |   3240 |    243 |   1546 |   1016 |   5 |  696.6 |
  Orcish Mines |   2222 |   1651 |    571 |     72 |   1014 |   2 | 1111.0 |
   Elven Halls |   4080 |   3806 |    274 |    762 |   2110 |   3 | 1360.0 |
        Vaults |  14081 |  12615 |   1466 |   4899 |   5486 |   5 | 2816.2 |
         Crypt |   3804 |   3601 |    203 |   1031 |   1419 |   3 | 1268.0 |
        Depths |  12138 |  11437 |    701 |   5853 |   3513 |   4 | 3034.5 |
           Zot |  16745 |  16436 |    309 |  10528 |   3087 |   5 | 3349.0 |
         Abyss |   5031 |   5031 |      0 |    741 |    816 |  12 |  419.2 |
        Bailey |    471 |    471 |      0 |     62 |    233 |   1 |  471.0 |
               +--------+--------+--------+--------+--------+-----+--------+

Top non-repeatable levels by time:
   Zot:4: 5967 daAuts
Depths:3: 4366 daAuts
Vaults:3: 3968 daAuts
Depths:4: 3475 daAuts
 Abyss:3: 3318 daAuts
   Zot:5: 3312 daAuts
Vaults:1: 3282 daAuts
Depths:2: 2940 daAuts
Vaults:5: 2757 daAuts
   Zot:1: 2751 daAuts
   Zot:2: 2554 daAuts
Vaults:2: 2470 daAuts
    D:11: 2264 daAuts
Spider:4: 2250 daAuts
     D:7: 2160 daAuts
